 Dungeon Crawl Stone Soup version 0.28-a0-631-g0446da8ef9 (webtiles) character file.

Game seed: 2100905869818848562

30 lawman0 the Stinger (level 3, 24/24 HPs)
             Began as a Demonspawn Venom Mage on Oct 9, 2021.
             Quit the game on level 2 of the Dungeon.
             The game lasted 00:02:37 (1243 turns).

lawman0 the Stinger (Demonspawn Venom Mage)         Turns: 1243, Time: 00:02:38

Health: 24/24      AC:  2    Str:  8    XL:     3   Next: 5%
Magic:  6/6        EV: 11    Int: 17    God:
Gold:   49         SH: 10    Dex: 13    Spells: 5/6 levels left

rFire   . . .      SeeInvis .   f - +4 short sword
rCold   . . .      Faith    .   c - +2 buckler
rNeg    . . .      Spirit   .   a - +0 robe
rPois   .          Reflect  +   (no helmet)
rElec   .          Harm     .   (no cloak)
rCorr   .          Rampage  .   (no gloves)
Will    .....                   (no boots)
Stlth   ++........              i - amulet of reflection
HPRegen 0.08/turn               (no ring)
MPRegen 0.10/turn               (no ring)

@: no status effects
A: claws 1, weakness stinger 1
a: no special abilities


You were on level 2 of the Dungeon.
You visited 1 branch of the dungeon, and saw 2 of its levels.

You collected 49 gold pieces.

Inventory:

Hand Weapons
 f - a +4 short sword (weapon)
Missiles
 g - 2 throwing nets
 k - 15 poisoned darts
Armour
 a - a +0 robe (worn)
 c - a +2 buckler (worn)
Jewellery
 i - an amulet of reflection (around neck)
Scrolls
 e - a scroll of teleportation {unknown}
 h - a scroll of enchant weapon {unknown}
Potions
 b - a potion of flight {unknown}
 d - a potion of curing {unknown}
 j - a potion of lignification {unknown}


   Skills:
 + Level 1.7 Dodging
 + Level 2.0 Stealth
 * Level 0.6 Shields
 + Level 2.3 Spellcasting
 + Level 1.2 Transmutations
 * Level 3.5 Poison Magic


You had 5 spell levels left.
You knew the following spells:

 Your Spells              Type           Power      Damage    Failure   Level
a - Sting                 Tmut/Pois      40%        1d5       11%         1

Your spell library contained the following spells:

 Spells                   Type           Power      Damage    Failure   Level
 Poisonous Vapours        Pois/Air       14%        N/A       21%         2
 Mephitic Cloud           Conj/Pois/Air  5%         N/A       45%         3
 Olgreb's Toxic Radiance  Pois           13%        N/A       54%         4


Dungeon Overview and Level Annotations

Branches:
Dungeon (2/15)

Altars:

Shops:
D:1 [

Annotations:
D:1 1 runed translucent door


Innate Abilities, Weirdness & Mutations

You have sharp fingernails.
You have a small tail.


Message History

There is a stone staircase leading down here.
You climb downwards.
Found 16 sling bullets.
There is a stone staircase leading up here.
Unknown command.
A quokka comes into view.
The adder hisses angrily.
Casting: Sting (safe; 13% risk of failure)
Confirm with . or Enter, or press ? or * to list all spells.
Aiming: Sting (safe; 13% risk of failure)
Press: ? - help, Shift-Dir - straight line, f - adder
Aim: an adder (48% to hit)
The sting hits the adder but does no damage.
The adder is poisoned.
Unknown command.
Casting: Sting (safe; 13% risk of failure)
Confirm with . or Enter, or press ? or * to list all spells.
Aiming: Sting (safe; 13% risk of failure)
Press: ? - help, Shift-Dir - straight line, f/p - adder
Aim: an adder (poisoned, 48% to hit)
The sting hits the adder.
The adder looks even sicker.
The adder is moderately wounded.
The adder barely misses you. The adder completely misses you.
Unknown command.
You puncture the adder!
You kill the adder!
You block the quokka's attack.
You have reached level 3!
Your experience leads to an increase in your attributes!
Increase (S)trength, (I)ntelligence, or (D)exterity?
You feel clever.
Your demonic ancestry asserts itself...
Your fingernails lengthen.
You puncture the quokka!
You kill the quokka!
No target in view!
No target in view!
Magic restored.
A kobold comes into view. It is wielding a +0 whip.
A kobold is nearby!
Are you sure you want to abandon this character and quit the game? (Confirm with "yes".)

#.. #.#
##.#####.#
#.<...(...
#..#####.#
#..# #..#
#..##
#.@.#
#.#.#
#.#.#
#.#.#
#.#.#
#.#.# ..
.. #. K#


You could see a kobold (asleep).

Vanquished Creatures
  An adder (D:2)
  2 bats (D:1)
  4 endoplasms (D:1)
  A goblin (D:1)
  A hobgoblin (D:1)
  3 kobolds (D:1)
  A quokka (D:2)
  3 ball pythons (D:1)
  3 frilled lizards (D:1)
  2 rats (D:1)
21 creatures vanquished.

Notes
Turn   | Place    | Note
-------+----------+-------------------------------------------
     0 | D:1      | lawman0 the Demonspawn Venom Mage began the quest for the
                  | Orb.
     0 | D:1      | Reached XP level 1. HP: 13/13 MP: 3/3
     1 | D:1      | Found a runed translucent door.
    69 | D:1      | Reached skill level 1 in Transmutations
   180 | D:1      | Found Dagom's Armour Shoppe.
   483 | D:1      | Gained mutation: You have a small tail. [demonic ancestry]
   483 | D:1      | Reached XP level 2. HP: 13/19 MP: 1/5
   864 | D:1      | Found a faded altar of an unknown god.
  1214 | D:2      | Gained mutation: You have sharp fingernails. [demonic
                  | ancestry]
  1214 | D:2      | Reached XP level 3. HP: 24/24 MP: 3/6
  1243 | D:2      | Quit the game

Illustrated notes

Levels and vault maps discovered:
D:1:      dpeg_arrival_caged_fury, layout_basic, ebering_ecumenical_altar_webs,
          serial_shops, shop
D:2:      layout_loops_ring, serial_shops, nicolae_shop_overgrown_old_shop,
          nicolae_shop_waterfront, nicolae_shop_crystal, nicolae_square_shop,
          due_unseen_surprise

Skill      XL: |  1  2 |
---------------+-------+-----
Transmutations | 1 |  1.2
Stealth        | 2 |  2.0
Dodging        | |  1.7
Shields        | |  0.6
Spellcasting   | |  2.3
Poison Magic   | |  3.5

Action                   || total
-------------------------++-------
Melee: Short sword       ||    17
 Cast: Sting             ||    22
 Stab: Sleeping          ||     1
Armor: Robe              ||     1
Dodge: Dodged            ||     8
Block: Buckler           ||     4

Table legend: (Time is in decaauts)
 A = Elapsed time spent in this place.
 B = Non-inter-level travel time spent in this place.
 C = Inter-level travel time spent in this place.
 D = Time resting spent in this place.
 E = Time spent auto-exploring this place.
 F = Levels seen in this place.
 G = Mean time per level.
                   A        B        C        D        E       F      G
               +--------+--------+--------+--------+--------+-----+--------+
         Total |   1244 |   1241 |      3 |    135 |    924 |   2 |  622.0 |
       Dungeon |   1244 |   1241 |      3 |    135 |    924 |   2 |  622.0 |
               +--------+--------+--------+--------+--------+-----+--------+

Top non-repeatable levels by time:
     D:1: 1209 daAuts
     D:2: 34 daAuts
